 Dungeon Crawl Stone Soup version 0.30-a0-802-gb92711bcdf (webtiles) character file.

Game seed: 8375056133225301749

12411 bmack86 the Cleaver (level 11, -2/93 (97) HPs)
             Began as a Minotaur Fighter on Feb 25, 2023.
             Was an Elder of Okawaru.
             Slain by a spectral orc knight
             ... wielding a +0 dire flail
             ... summoned by Nergalle
              (9 damage)
             ... on level 1 of the Lair of Beasts.
             The game lasted 00:33:09 (11100 turns).

bmack86 the Cleaver (Minotaur Fighter)             Turns: 11100, Time: 00:33:10

HP:   -2/93 (97)    AC: 26    Str: 27    XL:     11   Next: 62%
MP:   12/13         EV:  9    Int:  5    God:    Okawaru [****..]
Gold: 723           SH: 13    Dex: 11    Spells: 10/10 levels left

rFire   . . .      SeeInvis .    a - +1 war axe
rCold   . . .      Faith    .    u - +1 kite shield
rNeg    + . .      Spirit   .    j - +1 plate armour
rPois   .          Reflect  .    (helmet restricted)
rElec   .          Harm     .    B - +0 cloak
rCorr   .          Rampage  .    g - +2 pair of gloves {Str+3}
Will    .....                    x - +2 pair of boots Stlth
                                 (no amulet)
HPRegen 0.35/turn                s - ring of positive energy
MPRegen 0.13/turn                (no ring)

@: lethally poisoned (-2 -> -12), heroic, lightly drained
A: horns 2, retaliatory headbutt
a: Renounce Religion, Heroism, Finesse


You were on level 1 of the Lair of Beasts.
You worshipped Okawaru.
Okawaru was greatly pleased with you.
You visited 3 branches of the dungeon, and saw 12 of its levels.

You collected 747 gold pieces.
You spent 24 gold pieces at shops.

Inventory:

Hand Weapons
 a - a +1 war axe (weapon)
Missiles
 v - 27 poisoned darts
 y - 5 curare-tipped darts (quivered)
 C - 2 boomerangs
 K - 2 javelins
Armour
 g - a +2 pair of gloves of strength (worn)
 j - a +1 plate armour (worn)
 q - a +0 tower shield
 u - a +1 kite shield (worn)
 x - a +2 pair of boots (worn)
 B - a +0 cloak (worn)
Jewellery
 s - a ring of positive energy (left hand)
 t - a ring of ice
 D - a ring of fire
 H - a ring of ice
 I - a ring of ice
Wands
 l - a wand of digging (13)
 w - a wand of light (15)
 A - a wand of flame (29)
Scrolls
 b - a scroll of fear
 c - 2 scrolls of identify
 d - 3 scrolls of blinking
 h - a scroll of magic mapping
 i - 5 scrolls of teleportation
 p - 4 scrolls of amnesia
 E - a scroll of vulnerability {unknown}
 G - a scroll of enchant weapon
Potions
 e - 5 potions of flight
 f - 2 potions of brilliance
 k - a potion of lignification
 m - a potion of curing
 n - a potion of attraction {unknown}
 o - 2 potions of mutation {unknown}
 r - 3 potions of berserk rage
 z - 2 potions of heal wounds {unknown}
 F - 2 potions of magic {unknown}
 J - a potion of invisibility {unknown}


   Skills:
 + Level 9.6(14.6) Fighting
 * Level 12.6(17.6) Axes
 + Level 7.3(12.3) Throwing
 + Level 9.5(14.5) Armour
 + Level 9.6(14.6) Shields
 + Level 5.0 Invocations


You had 10 spell levels left.
You didn't know any spells.
Your spell library contained the following spells:

 Spells                   Type           Power      Damage    Failure   Level
 Kiss of Death            Conj/Necr      0%         2d5       99%         1
 Lesser Beckoning         Tloc           0%         N/A       100%        2
 Confusing Touch          Hex            0%         N/A       100%        3
 Gell's Gravitas          Tloc           0%         N/A       100%        3
 Teleport Other           Tloc           0%         N/A       100%        3
 Dispel Undead            Necr           0%         3d6       100%        4
 Iron Shot                Conj/Erth      0%         9d1       100%        6
 Statue Form              Tmut/Erth      0%         N/A       100%        6
 Lehudib's Crystal Spear  Conj/Erth      0%         10d2      100%        8


Dungeon Overview and Level Annotations

Branches:
Dungeon (10/15)            Temple (1/1) D:7            Lair (1/5) D:8
    Orc: D:9-12

Altars:
Ashenzari
Cheibriados
Dithmenos
Elyvilon
Fedhas
Gozag
Hepliaklqana
Kikubaaqudgha
Makhleb
Nemelex Xobeh
Okawaru
Qazlal
Ru
Sif Muna
Trog
Uskayaw
Vehumet
Wu Jian
Xom
Yredelemnul
Zin
The Shining One

Shops:
D:3 *

Annotations:
D:10 4 runed translucent doors
Lair:1 Nergalle


Innate Abilities, Weirdness & Mutations

You have a pair of horns on your head.
You reflexively headbutt those who attack you in melee.


Message History

You barely miss the spectral orc warrior.
You hit the spectral orc warrior.
You barely miss the spectral orc knight.
You feel very sick. You block Nergalle's attack.
You block the spectral orc knight's attack.
The spectral orc warrior hits you but does no damage.
You block the spectral orc knight's attack.
You block the spectral orc warrior's attack.
The spectral orc warrior hits you but does no damage.
You hit Nergalle. You headbutt Nergalle.
Nergalle is severely wounded.
You hit the spectral orc knight but do no damage. x2
You barely miss the spectral orc warrior.
You slash the spectral orc warrior!
You feel sick. You block Nergalle's attack.
You block the spectral orc warrior's attack.
The spectral orc knight hits you but does no damage.
The spectral orc warrior hits you from afar with a +0 halberd.
* * * LOW HITPOINT WARNING * * *
You partially resist.
You feel drained.
The spectral orc warrior hits you but does no damage.
The spectral orc knight hits you but does no damage.
You closely miss Nergalle. You headbutt Nergalle.
Nergalle is severely wounded.
You barely miss the spectral orc warrior.
You barely miss the spectral orc knight.
You hit the spectral orc knight.
You hit the spectral orc warrior but do no damage.
You feel sick. Nergalle hits you but does no damage.
You are lethally poisoned!
You hit Nergalle but do no damage.
Nergalle is severely wounded.
You hit the spectral orc warrior but do no damage.
You hit the spectral orc knight but do no damage.
You hit the spectral orc knight.
You hit the spectral orc warrior but do no damage.
* * * LOW HITPOINT WARNING * * *
You feel very sick.
The spectral orc knight hits you with a +0 dire flail!
You die...

......... ........ ### ####
...... .##.$ ....###
.....##....#####.....#
...#...#............#
.....#....Z.........
###....#...⌠ZoZ⌠...# .# .
#P<....#....Z@.....#..+.#
#####†....#...⌠.Z.⌠.......#
.....................##..#
.....†###..#.##....#.#..#
#.....#.##.....#.##....#
#####..# ..#..........##
#..### #.......##.# ##..#
###...##.### #..#####....#
##


You could see Nergalle, 3 spectral orc warriors and 2 spectral orc knights.

Vanquished Creatures
  Fannar (D:10)
  A cyclops (D:10)
  A cane toad (Lair:1)
  An unseen horror zombie (D:9)
  Psyche (D:9)
  3 trolls
  2 hornets
  4 blink frogs (Lair:1)
  The ghost of cforsyth the Sneak, an amateur KoBr (D:4)
  A shadow (D:10)
  A shapeshifter (D:10)
  A wraith (D:9)
  A vampire (D:9)
  2 wyverns (D:8)
  A steam dragon (D:8)
  17 yaks
  Menkaure (D:6)
  Edmund (D:6)
  2 wargs (D:8)
  Duvessa (D:6)
  2 water moccasins
  2 ice beasts
  11 orc warriors
  A sky beast (D:6)
  An ogre (D:5)
  4 centaurs
  A phantom (D:5)
  4 kobold brigands
  Blork the orc (D:6)
  4 bullfrogs
  2 necrophages (D:5)
  3 scorpions
  Dowan (D:6)
  6 wights
  3 killer bees (D:10)
  A crimson imp (D:4)
  8 orc priests
  2 hounds
  A gnoll bouda (D:5)
  2 jellies
  Crazy Yiuf (D:7)
  Ijyb (D:5)
  3 iguanas
  11 orc wizards
  A centaur simulacrum (D:10)
  A howler monkey zombie (D:9)
  Robin (D:3)
  17 gnolls
  7 adders
  A shadow imp (D:5)
  4 white imps
  A dart slug (D:5)
  31 orcs
  9 ball pythons
  2 bats
  3 endoplasms
  2 giant cockroaches
  18 goblins
  14 hobgoblins
  2 jackals (D:1)
  57 kobolds
  5 quokkas
  3 frilled lizards (D:3)
  2 rats
301 creatures vanquished.

Vanquished Creatures (others)
  A gnoll (D:8)
  A quokka (D:3)
  A plant (D:8)
3 creatures vanquished.

Grand Total: 304 creatures vanquished

Notes
Turn   | Place    | Note
-------+----------+-------------------------------------------
     0 | D:1      | bmack86 the Minotaur Fighter began the quest for the Orb.
     0 | D:1      | Reached XP level 1. HP: 19/19 MP: 0/0
   107 | D:1      | Reached XP level 2. HP: 27/27 MP: 1/1
   193 | D:1      | Reached skill level 3 in Axes
   579 | D:2      | Got the Directory of Orogeny
   687 | D:2      | Reached XP level 3. HP: 33/33 MP: 2/2
   741 | D:2      | Found a faded altar of an unknown god.
   992 | D:3      | Found Mobbeu Fuho's General Store.
  1000 | D:3      | Bought a scroll of identify for 24 gold pieces
  1250 | D:3      | Reached skill level 1 in Throwing
  1495 | D:3      | Reached XP level 4. HP: 40/40 MP: 3/3
  1668 | D:3      | Noticed Robin
  1684 | D:3      | Killed Robin
  1832 | D:4      | Found a runed translucent door.
  1840 | D:4      | Noticed cforsyth's ghost (amateur KoBr)
  1843 | D:4      | Reached skill level 4 in Axes
  1870 | D:4      | Reached XP level 5. HP: 14/47 MP: 4/4
  2636 | D:4      | Found a sacrificial altar of Ru.
  2643 | D:4      | Found a white marble altar of Elyvilon.
  2683 | D:4      | Reached XP level 6. HP: 48/53 MP: 5/5
  2787 | D:4      | Reached skill level 5 in Axes
  2924 | D:4      | Reached skill level 5 in Armour
  2967 | D:4      | Reached skill level 5 in Fighting
  2972 | D:4      | Reached skill level 5 in Shields
  3217 | D:4      | Reached XP level 7. HP: 61/61 MP: 6/6
  3413 | D:5      | Entered Level 5 of the Dungeon
  3482 | D:5      | Reached skill level 6 in Axes
  4078 | D:5      | Noticed Ijyb
  4086 | D:5      | Killed Ijyb
  4093 | D:5      | Reached XP level 8. HP: 48/67 MP: 7/7
  4203 | D:5      | Reached skill level 7 in Axes
  4600 | D:6      | Found a snail-covered altar of Cheibriados.
  4696 | D:6      | Noticed Menkaure
  4706 | D:6      | Killed Menkaure
  4731 | D:6      | Noticed Blork the orc
  4737 | D:6      | Killed Blork the orc
  4738 | D:6      | Reached skill level 8 in Axes
  4927 | D:6      | Noticed Duvessa
  4940 | D:6      | Killed Duvessa
  4941 | D:6      | Noticed Dowan
  4952 | D:6      | Killed Dowan
  5158 | D:6      | Noticed Edmund
  5177 | D:6      | Killed Edmund
  5178 | D:6      | Reached XP level 9. HP: 44/78 MP: 8/8
  5292 | D:6      | Found Duogoih's CLEARANCE SALE!.
  5906 | D:7      | Reached skill level 9 in Axes
  5916 | D:7      | Reached skill level 5 in Throwing
  6260 | D:7      | Found a staircase to the Ecumenical Temple.
  6271 | Temple   | Entered the Ecumenical Temple
  6330 | Temple   | Became a worshipper of Warmaster Okawaru
  6687 | D:7      | Found a runed translucent door.
  6688 | D:7      | Noticed Crazy Yiuf
  6692 | D:7      | Killed Crazy Yiuf
  6849 | D:8      | Reached skill level 1 in Invocations
  6862 | D:8      | Identified the +1 helmet of Chill Winds {rF+ rC+}
  6882 | D:8      | Found a staircase to the Lair.
  6892 | D:8      | Reached * piety under Okawaru
  6897 | D:8      | Reached skill level 10 in Axes
  7079 | D:8      | Reached XP level 10. HP: 70/88 MP: 10/10
  7575 | D:8      | Reached ** piety under Okawaru
  7618 | D:8      | Found an opulent altar of Gozag.
  8001 | D:9      | Found a burning altar of Makhleb.
  8002 | D:9      | Found a shadowy altar of Dithmenos.
  8002 | D:9      | Found a hide-covered altar of Uskayaw.
  8004 | D:9      | Found a stormy altar of Qazlal.
  8004 | D:9      | Found a hazy altar of Hepliaklqana.
  8006 | D:9      | Found a sparkling altar of Nemelex Xobeh.
  8006 | D:9      | Found an ornate altar of the Wu Jian Council.
  8020 | D:9      | Found a blossoming altar of Fedhas.
  8022 | D:9      | Reached skill level 11 in Axes
  8394 | D:9      | Found a basalt altar of Yredelemnul.
  8484 | D:9      | Noticed Psyche
  8500 | D:9      | Killed Psyche
  8725 | D:9      | Identified the +9 mace "Vigofyva" {protect, +Blink Str-5
                  | Int-3 Dex+3}
  8904 | D:10     | Entered Level 10 of the Dungeon
  8911 | D:10     | Noticed Fannar
  8929 | D:10     | Killed Fannar
  8929 | D:10     | Reached *** piety under Okawaru
  9107 | D:10     | Paralysed by a hornet for 2 turns
  9110 | D:10     | Reached XP level 11. HP: 64/95 MP: 11/13
  9249 | D:10     | Found a large runed translucent door.
  9249 | D:10     | Found a large runed translucent door.
  9253 | D:10     | Noticed a six-headed hydra
 10009 | D:10     | Reached skill level 12 in Axes
 10036 | D:10     | Found a large runed translucent door.
 10036 | D:10     | Found a large runed translucent door.
 10058 | D:10     | Reached **** piety under Okawaru
 10279 | D:10     | Received a gift from Okawaru
 10567 | D:4      | Killed cforsyth's ghost
 10709 | Lair:1   | Entered Level 1 of the Lair of Beasts
 10811 | Lair:1   | Found a bloodstained altar of Trog.
 10821 | Lair:1   | HP: 3/97 [hornet (6)]
 10821 | Lair:1   | Paralysed by a hornet for 3 turns
 11081 | Lair:1   | Received a gift from Okawaru
 11082 | Lair:1   | Reached skill level 5 in Invocations
 11084 | Lair:1   | Noticed Nergalle
 11100 | Lair:1   | Slain by a spectral orc knight

Illustrated notes

Levels and vault maps discovered:
D:1:      scummos_arrival_forest, layout_rooms, st_stairs_14,
          lemuel_flame_loot_1
D:2:      kennysheep_big_flooded_room, layout_basic,
          shapermc_ecumenical_altar_starsandcircs, uniq_sigmund
D:3:      minmay_inner_zag, layout_loops_ring, serial_shops, nicolae_shop_stone,
          uniq_robin
D:4:      minmay_goblin_kobold_castle, layout_basic,
          amethyst_overflow_temple_binary, ebering_ghost_sewer_d,
          minmay_fire_ice_demons
D:5:      layout_loops_ring, uniq_ijyb
D:6:      layout_cave_pools, nicolae_overflow_hidden_temple,
          nicolae_shop_clearance, uniq_duvessa, uniq_edmund, uniq_blork_the_orc,
          uniq_menkaure
D:7:      layout_basic, temple_statues, uniq_crazy_yiuf_cottage
D:8:      layout_basic, mainiacjoe_overflow_catwalk, erik_lair_orcish_takeover
D:9:      layout_roguey, grunt_temple_overflow_open,
          lemuel_zombie_altar_yredelemnul, chequers_mini_garden, uniq_psyche
D:10:     layout_loops_corners, minmay_hollow_rounded_squares, uniq_fannar
Temple:   jpeg_temple_island
Lair:1:   layout_cave_pods, basic_altar, beast_lair_carwin_6,
          grunt_megastairs_2, uniq_nergalle, uniq_joseph

Skill      XL: |  1  2  3  4  5  6  7  8  9 10 11 |
---------------+----------------------------------+-----
Axes           | 3 4 5 6 8 10 11 12 | 12.6
Shields        | 4 5 6 7 8 9 |  9.6
Armour         | 4 5 6 7 8 9 |  9.5
Fighting       | 4 5 6 7 8 9 |  9.6
Throwing       | 1 2 3 4 5 6 7 |  7.3
Invocations    | 2 4 5 |  5.0

Action                     |  1- 3 |  4- 6 |  7- 9 | 10-12 || total
---------------------------+-------+-------+-------+-------++-------
  Melee: War axe           |   100 |   146 |   236 |   359 ||   841
         Headbutt          |     8 |    21 |    41 |    66 ||   136
  Throw: Dart              |       |       |     4 |       ||     4
 Invoke: Heroism           |       |       |       |     7 ||     7
    Use: Scroll            |     3 |     1 |    14 |       ||    18
         Potion            |       |       |     4 |     1 ||     5
 Armour: Scale mail        |    66 |   112 |    54 |       ||   232
         Plate armour      |       |       |    92 |   232 ||   324
  Dodge: Dodged            |    41 |    66 |    64 |    91 ||   262
  Block: Buckler           |    21 |    17 |       |       ||    38
         Kite shield       |       |    45 |   136 |   217 ||   398

Table legend: (Time is in decaauts)
 A = Elapsed time spent in this place.
 B = Non-inter-level travel time spent in this place.
 C = Inter-level travel time spent in this place.
 D = Time resting spent in this place.
 E = Time spent auto-exploring this place.
 F = Levels seen in this place.
 G = Mean time per level.
                   A        B        C        D        E       F      G
               +--------+--------+--------+--------+--------+-----+--------+
         Total |  11275 |  10530 |    745 |   1653 |   5648 |  12 |  939.6 |
       Dungeon |  10785 |  10080 |    705 |   1419 |   5617 |  10 | 1078.5 |
        Temple |    100 |     61 |     39 |      0 |      0 |   1 |  100.0 |
          Lair |    389 |    389 |      0 |    234 |     31 |   1 |  389.0 |
               +--------+--------+--------+--------+--------+-----+--------+

Top non-repeatable levels by time:
     D:4: 1786 daAuts
    D:10: 1505 daAuts
     D:5: 1306 daAuts
     D:7: 1224 daAuts
     D:9: 1097 daAuts
     D:8: 1063 daAuts
     D:6: 957 daAuts
     D:3: 842 daAuts
     D:1: 555 daAuts
     D:2: 446 daAuts
  Lair:1: 389 daAuts
  Temple: 100 daAuts
